 Dungeon Crawl Stone Soup version 0.21.1-1-g345015fe64 (webtiles) character file.

25 DildoBatman the Vexing (level 3, 0/28 HPs)
             Began as a Formicid Enchanter on Apr 17, 2018.
             Succumbed to an adder's poison
             ... on level 2 of the Dungeon.
             The game lasted 00:02:57 (1834 turns).

DildoBatman the Vexing (Formicid Enchanter)         Turns: 1834, Time: 00:02:57

Health: 0/28       AC:  3    Str: 13    XL:     3   Next: 17%
Magic:  2/6        EV: 11    Int: 14    God:
Gold:   60         SH:  0    Dex: 11    Spells: 2/6 levels left

rFire    . . .     SeeInvis +   b - +0 mace
rCold    . . .     Gourm    .   (no shield)
rNeg     . . .     Faith    .   i - +0 leather armour
rPois    .         Spirit   .   (helmet unavailable)
rElec    .         Reflect  .   (no cloak)
rCorr    .         Harm     .   (no gloves)
MR       .....                  (no boots)
Stlth    ++........             (no amulet)
HPRegen  0.09/turn              (no ring)
MPRegen  0.10/turn              (no ring)

@: lethally poisoned (0 -> -12)
A: permanent stasis, dig shafts and tunnels, four strong arms, antennae 3
a: Dig, Shaft Self


You were on level 2 of the Dungeon.
You were not hungry.

You visited 1 branch of the dungeon, and saw 2 of its levels.

You collected 60 gold pieces.

Inventory:

Hand Weapons
 a - a +1 dagger
 b - a +0 mace (weapon)
Missiles
 d - 88 stones (quivered)
 h - 17 arrows
 o - 19 sling bullets
Armour
 e - a +0 robe
 i - a +0 leather armour (worn)
Scrolls
 f - 2 scrolls of blinking {unknown}
 j - 2 scrolls of identify {unknown}
 m - 3 scrolls of remove curse {unknown}
 q - a scroll of magic mapping {unknown}
Potions
 g - a potion of brilliance {unknown}
 k - a potion of heal wounds {unknown}
 l - a potion of agility {unknown}
 n - 2 potions of invisibility {unknown}
 p - a potion of might {unknown}
 r - a potion of curing {unknown}
Books
 c - a book of Maledictions

   Spells                             Type                      Level
   a - Corona                         Hexes                        1
   b - Ensorcelled Hibernation        Hexes/Ice                    2
   c - Confuse                        Hexes                        3
   d - Tukima's Dance                 Hexes                        3
   e - Dazzling Spray                 Conjuration/Hexes            3
Comestibles
 s - a chunk of flesh
 v - 3 rations


   Skills:
 * Level 2.8 Fighting
 - Level 1.0 Short Blades
 - Level 1.7 Dodging
 - Level 3.6 Stealth
 - Level 2.1 Spellcasting
 - Level 3.6 Hexes


You had 2 spell levels left.
You knew the following spells:

 Your Spells              Type           Power        Failure   Level  Hunger
a - Corona                Hex            ##.....      7%          1    #......
b - Confuse               Hex            ##......     21%         3    ###....


Dungeon Overview and Level Annotations

Branches:
Dungeon (2/15)

Altars:


Innate Abilities, Weirdness & Mutations

You cannot be hasted, slowed, berserked, paralysed or teleported.
You can dig through walls and to a lower floor.
Your four strong arms can wield two-handed weapons with a shield.
You have a pair of large antennae on your head. (SInv)


Message History

The adder bites you.
You are lethally poisoned!
The adder poisons you!
Casting: Corona
Confirm with . or Enter, or press ? or * to list all spells.
Aiming: Corona
Press: ? - help, Shift-Dir - straight line, f/p - adder
Aim: an adder (almost dead, chance to defeat MR: 55%)
The adder is outlined in light.
The adder barely misses you. x2
You barely miss the adder.
The adder is almost dead.
You feel sick. The adder bites you.
You are more poisoned.
The adder poisons you! The adder misses you.
You hit the adder but do no damage.
The adder is almost dead.
You die...

.# ?.. .# ... .# #.#
.########## #.#
).........# #.#
...######.# #.# ...###
#.# ##(## .....####.#
###.S.#
.......##.###...@.##
.....................+
..........###.#...####
...###.#### #.##.##
..## #.# #.#### ###
#.# #.. ######.# ###
.......# ##.....#


You could see an adder.

Vanquished Creatures
  A worm (D:2)
  A leopard gecko (D:1)
  2 ball pythons
  5 goblins
  4 hobgoblins (D:1)
  A frilled lizard (D:2)
  2 kobolds (D:1)
  4 rats
20 creatures vanquished.

Notes
Turn   | Place    | Note
-------+----------+-------------------------------------------
     0 | D:1      | DildoBatman the Formicid Enchanter began the quest for the Orb.
     0 | D:1      | Reached XP level 1. HP: 13/13 MP: 3/3
   216 | D:1      | Reached skill level 1 in Fighting
   241 | D:1      | Reached XP level 2. HP: 21/21 MP: 5/5
  1358 | D:2      | Reached XP level 3. HP: 6/28 MP: 4/6
  1363 | D:2      | Learned a level 3 spell: Confuse
  1833 | D:2      | HP: 1/28 [adder (4)]
  1834 | D:2      | Succumbed to an adder's poison

Skill      XL: |  1  2 |
---------------+-------+-----
Fighting       | 1 2 |  2.8
Short Blades   | |  1.0
Dodging        | |  1.7
Stealth        | |  3.6
Spellcasting   | |  2.1
Hexes          | |  3.6

Action                   || total
-------------------------++-------
Melee: Dagger            ||    79
       Mace              ||    12
Throw: Stone             ||     1
 Cast: Corona            ||    14
       Confuse           ||     1
 Stab: Sleeping          ||     5
  Eat: Chunk             ||     3
Armor: Robe              ||     1
       Leather armour    ||     7
Dodge: Dodged            ||    51
